 Dungeon Crawl Stone Soup version 0.25-a0-447-gff83419037 (webtiles) character file.

Game seed: 3431406290441185251, levelgen mode: deterministic

17 Erk the Sneak (level 2, -2/17 HPs)
             Began as an Octopode Wizard on Jan 31, 2020.
             Slain by a hobgoblin (3 damage)
             ... on level 1 of the Dungeon.
             The game lasted 00:03:32 (787 turns).

Erk the Sneak (Octopode Wizard)                      Turns: 787, Time: 00:03:33

Health: -2/17      AC:  1    Str:  6    XL:     2   Next: 62%
Magic:  0/6        EV: 13    Int: 20    God:
Gold:   2          SH:  0    Dex: 10    Spells: 2/7 levels left

rFire    . . .     SeeInvis .   (no weapon)
rCold    . . .     Gourm    .   (no shield)
rNeg     . . .     Faith    .   a - +0 hat
rPois    .         Spirit   +   b - amulet of guardian spirit
rElec    .         Reflect  .   (no ring)
rCorr    .         Harm     .   (no ring)
MR       .....                  (no ring)
Stlth    +++.......             (no ring)
HPRegen  0.05/turn              (no ring)
MPRegen  0.10/turn              (no ring)
                                (no ring)
                                (no ring)

@: no status effects
A: almost no armour, stealthy swim, amphibious, 8 rings, constrict 8, camouflage
1, gelatinous body 1
a: no special abilities


You were on level 1 of the Dungeon.
You were not hungry.

You visited 1 branch of the dungeon, and saw 1 of its levels.

You collected 2 gold pieces.

Inventory:

Missiles
 g - 5 javelins (quivered)
Armour
 a - a +0 hat (worn)
Jewellery
 b - an amulet of guardian spirit (around mantle)
 f - an uncursed ring of protection from cold {unknown}
Scrolls
 d - a scroll of identify {unknown}
Potions
 e - 4 potions of curing {unknown}
Comestibles
 c - 3 rations


   Skills:
 - Level 2.0 Dodging
 + Level 4.4 Stealth
 - Level 3.0 Spellcasting
 - Level 1.0 Conjurations
   Level 1.0 Summonings
 - Level 1.0 Translocations


You had 2 spell levels left.
You knew the following spells:

 Your Spells              Type           Power        Failure   Level  Hunger
a - Magic Dart            Conj           #...         10%         1    None
b - Blink                 Tloc           N/A          14%         2    ##.....
c - Slow                  Hex            #.......     22%         2    ##.....

Your spell library contained the following spells:

 Spells                   Type           Power        Failure   Level  Hunger
 Call Imp                 Summ           #.......     14%         2    ##.....
 Conjure Flame            Conj/Fire      #.......     34%         3    ###....
 Mephitic Cloud           Conj/Pois/Air  #.......     36%         3    ###....


Dungeon Overview and Level Annotations

Branches:
Dungeon (1/15)

Altars:


Innate Abilities, Weirdness & Mutations

You cannot wear most types of armour.
You are very stealthy in the water. (Stealth+)
You are amphibious.
You can wear up to eight rings at the same time.
You can use your tentacles to constrict eight enemies at once.
Your skin changes colour to match your surroundings (Stealth+).
Your rubbery body absorbs attacks. (AC +1, EV +1)


Message History

Press: ? - help, Shift-Dir - straight line, f - goblin, p - kobold
Aim: a goblin (hasn't noticed you)
The magic dart hits the goblin.
The goblin is severely wounded.
The goblin shouts!
You hear a shout!
The kobold hits you.
A hobgoblin comes into view.
The goblin barely misses you.
Your magical contamination has completely faded away.
You barely miss the goblin. You grab the goblin.
The goblin is severely wounded.
You constrict the goblin.
You kill the goblin!
The kobold hits you.
* * * LOW HITPOINT WARNING * * *
Things that are here:
a +0 hunting sling; a scroll labeled PEMUEHE KACW You tentacle-slap the hobgoblin but do no damage.
Your grab misses the hobgoblin. The hobgoblin hits you.
You die...

'####.# .# ...##g# .#
...##.# ..
(..##.############
÷..##............# .#
...#############g# .# #
...# #.....#.# .# .. .###
#.###.#K# .###... .#
#.#.#.#@# ....P.♣
.#########.#...#g# ...?.♣
P..........#####.##.....♣
.######.##.#...........♣
.# #...g##.#.####.......[.
.# #.##....#.# ..........#
.###'###+###.##.♣.♣.♣#♣#♣#
.#.'...).'.#.##.......
.#.#######.#.###♣#♣#♣#♣


You could see 2 hobgoblins and a kobold.

Vanquished Creatures
  A dart slug (D:1)
  A ball python (D:1)
  A bat (D:1)
  2 giant cockroaches (D:1)
  4 goblins (D:1)
  2 hobgoblins (D:1)
  A rat (D:1)
12 creatures vanquished.

Notes
Turn   | Place    | Note
-------+----------+-------------------------------------------
     0 | D:1      | Erk the Octopode Wizard began the quest for the Orb.
     0 | D:1      | Reached XP level 1. HP: 11/11 MP: 4/4
    74 | D:1      | Reached skill level 3 in Stealth
   113 | D:1      | Reached XP level 2. HP: 11/17 MP: 6/6
   119 | D:1      | Learned a level 2 spell: Blink
   122 | D:1      | Learned a level 2 spell: Slow
   256 | D:1      | Reached skill level 4 in Stealth
   787 | D:1      | Slain by a hobgoblin

Levels and vault maps discovered:
D:1:      shiori_arrival_maze, layout_basic, serial_forest,
          infiniplex_forest_clump_small, infiniplex_forest_clump_curved,
          infiniplex_forest_lined_3, infiniplex_forest_clump_double,
          infiniplex_forest_diagonal, chequers_decorated_corner

Skill      XL: |  1  2 |
---------------+-------+-----
Stealth        | 3 4 |  4.4
Dodging        | |  2.0
Spellcasting   | |  3.0
Conjurations   | |  1.0
Summonings     | |  1.0
Translocations | |  1.0

Action                   || total
-------------------------++-------
Melee: Unarmed           ||    40
       Constrict         ||    11
       Tentacles         ||     4
 Cast: Magic Dart        ||    18
 Stab: Sleeping          ||     2
Armor: Skin              ||     7
Dodge: Dodged            ||    24

Table legend:
 A = Non-vault XP
 B = Vault XP
 C = Vault XP percentage of total XP
 D = Non-vault monster count
 E = Vault monster count
 F = Vault count percentage of total count
                 A         B        C        D         E       F
            +---------+---------+-------+---------+---------+-------
      Total |      19 |       6 |  24.0 |      10 |       2 |  16.7
            +---------+---------+-------+---------+---------+-------
        D:1 |      19 |       6 |  24.0 |      10 |       2 |  16.7
            +---------+---------+-------+---------+---------+-------
